Bruins vs Senateurs

Created - 17 janvier 2016 at 19:54

Goals
1 2 3 T
Bruins 2 1 3 6
Senateurs 1 3 1 5
Shots
1 2 3 T
Bruins 10 9 13 32
Senateurs 10 7 11 28

1st period

1. Bruins , Wojtek Wolski 28 (Henrik Sedin) at 7:49 (PP)
2. Bruins , Wojtek Wolski 29 (Henrik Sedin, Jason Demers) at 8:35
3. Senateurs , Andrew Ebbett 2 (Dan Hamhuis, Kurtis Foster) at 13:47 (PP)

Penalties :
Darcy Hordichuk (Ott) for Hooking (Minor) at 1:52, Curtis Glencross (Bos) for High sticking (Minor) at 4:42, Andy Hilbert (Ott) for Interference (Minor) at 7:42, Dainius Zubrus (Bos) for Tripping (Minor) at 13:12

2nd period

4. Bruins , Henrik Sedin 22 (Wojtek Wolski, Jarome Iginla) at 0:10
5. Senateurs , B.J. Crombeen 11 (Carlo Colaiacovo, Todd Bertuzzi) at 1:55
6. Senateurs , Daymond Langkow 11 (Vitaly Vishnevsky, Jean-Pierre Dumont) at 2:11
7. Senateurs , Darcy Hordichuk 17 (Dan Hamhuis, Todd Bertuzzi) at 7:44

Penalties :
Andy McDonald (Ott) for Roughing (Minor) at 11:52

3rd period

8. Bruins , Wojtek Wolski 30 (Andrew Alberts, Henrik Sedin) at 9:55 (PP)
9. Senateurs , Andy McDonald 7 (B.J. Crombeen, Vladimir Mihalik) at 11:18
10. Bruins , Dave Bolland 7 (Matt Cooke, Dainius Zubrus) at 15:42
11. Bruins , Matt Cooke 11 (Dave Bolland) at 15:58

Penalties :
Vitaly Vishnevsky (Ott) for Tripping (Minor) at 0:45, Eric Lindros (Bos) for Hooking (Minor) at 5:55, Dan Hamhuis (Ott) for High sticking (Minor) at 9:38, Eric Lindros (Bos) for Hooking (Minor) at 11:58, Zdeno Chara (Bos) for Roughing (Minor) at 18:37

Goalie Stats

Roberto Luongo (Bos), 23 saves from 28 shots - (0,821), W, 15-8-3, 60:00 minutes
Ondrej Pavelec (Ott), 26 saves from 32 shots - (0,813), L, 20-8-2, 58:48 minutes

Players Stats for Bruins

Player Name              G  A  P  +/- PIM S  H  SB GA TA FO     MP     PP MP  PK MP  
------------------------------------------------------------------------------------
Andrew Alberts           0  1  1   2  0   0  2  0  0  0  0/0    28:39   3:47   4:55 
Curtis Glencross         0  0  0   0  2   1  1  1  0  0  0/1     9:21   0:00   0:24 
Dainius Zubrus           0  1  1   1  2   0  0  0  0  0  0/1    10:18   0:00   0:00 
Dave Bolland             1  1  2   1  0   4  1  1  0  1  6/8    12:52   0:00   2:33 
David Moss               0  0  0   0  0   0  0  0  0  0  0/0     7:46   0:00   0:00 
Eric Lindros             0  0  0  -1  4   0  0  0  0  1  5/11   16:23   2:37   0:57 
Henrik Sedin             1  3  4   0  0   4  3  2  0  1  25/37  23:18   3:44   4:33 
Jarome Iginla            0  1  1   0  0   4  0  1  0  0  1/2    21:07   3:44   2:28 
Jason Demers             0  1  1   1  0   1  1  1  0  0  0/0    13:48   1:23   1:02 
Mark Stuart              0  0  0  -1  0   0  0  4  0  1  0/0    22:10   2:40   3:06 
Matt Cooke               1  1  2   1  0   3  5  0  0  0  1/1    13:20   2:37   0:23 
Matt Hendricks           0  0  0   0  0   1  1  0  0  1  2/4     7:46   0:00   0:00 
Nate Prosser             0  0  0   0  0   2  2  2  0  0  0/0    17:06   2:26   0:22 
Ryan O'Byrne             0  0  0  -1  0   2  1  0  0  1  0/0    23:28   2:20   3:49 
Victor Oreskovich        0  0  0  -1  0   1  2  0  0  0  0/1    15:10   2:37   0:00 
Viktor Stalberg          0  0  0  -1  0   2  2  1  0  1  0/0    12:52   0:00   0:00 
Wojtek Wolski            3  1  4   0  0   5  1  1  1  0  0/0    23:15   3:44   4:30 
Zdeno Chara              0  0  0  -1  2   2  0  1  0  2  0/0    13:22   0:06   2:34 

Players Stats for Senateurs

Player Name              G  A  P  +/- PIM S  H  SB GA TA FO     MP     PP MP  PK MP  
------------------------------------------------------------------------------------
Ales Kotalik             0  0  0   0  0   0  1  0  0  0  0/0     7:05   0:00   0:00 
Andrew Ebbett            1  0  1   1  0   3  1  1  0  0  6/16   17:24   3:29   1:10 
Andy Hilbert             0  0  0   0  2   1  2  0  0  0  0/0     9:31   0:00   2:11 
Andy McDonald            1  0  1   0  2   3  1  1  1  0  0/0    16:57   4:25   2:31 
B.J. Crombeen            1  1  2   0  0   1  1  0  0  0  0/0    10:13   0:00   0:00 
Brandon Dubinsky         0  0  0   0  0   0  1  0  1  0  4/11   10:24   0:00   0:11 
Carlo Colaiacovo         0  1  1   1  0   0  1  0  1  0  0/0    20:12   3:19   2:36 
Dan Girardi              0  0  0   0  0   1  1  2  0  0  0/0    12:22   0:37   1:16 
Dan Hamhuis              0  2  2   1  2   1  0  0  0  0  0/0    21:53   4:35   3:28 
Darcy Hordichuk          1  0  1   1  2   1  2  1  0  0  0/0    17:54   3:29   1:38 
Daymond Langkow          1  0  1  -1  0   3  0  0  2  0  15/34  23:35   4:25   3:31 
Jean-Pierre Dumont       0  1  1  -1  0   2  1  3  0  0  0/1    21:29   4:25   1:22 
Kurtis Foster            0  1  1  -1  0   2  1  3  3  0  0/0    28:53   4:08   3:45 
Sergei Kostitsyn         0  0  0  -1  0   1  5  0  0  0  0/1    15:44   0:00   0:08 
Todd Bertuzzi            0  2  2   1  0   2  4  0  0  0  0/1    16:14   3:29   0:00 
Vernon Fiddler           0  0  0   0  0   2  1  0  1  1  1/2     7:05   0:00   0:00 
Vitaly Vishnevsky        0  1  1  -1  2   5  3  3  0  0  0/0    25:44   2:42   1:37 
Vladimir Mihalik         0  1  1   0  0   0  0  2  0  0  0/0    10:55   0:27   0:00 

3 Stars

1 - Wojtek Wolski (Bos)
2 - Henrik Sedin (Bos)
3 - Matt Cooke (Bos)

Power Play

Bruins - 2 on 5 Attempt(s) - 40,00%
Senateurs - 1 on 5 Attempt(s) - 20,00%

Penalty Kill

Bruins - 4 on 5 Attempt(s) - 80,00% - Score 0 goal in Penalty Kill
Senateurs - 3 on 5 Attempt(s) - 60,00% - Score 0 goal in Penalty Kill

Team Stat

Bruins - Hits : 22 - Faceoff Wins : 40 - Blocked Shots : 15 - Penalty Minutes : 10
Senateurs - Hits : 26 - Faceoff Wins : 26 - Blocked Shots : 16 - Penalty Minutes : 10

Official

Referees : Banfield David and Kozari Steve
Linesman : Michel Cormier and Brad Kovachik

Game Notes

Jason Demers is injured at 8:15 of 2nd period (Sore Right Knee)
Wojtek Wolski has scored a Hat Trick!

Finance

Level 1 -- Attendance: 5492 (91,53%) -- Ticket Income 439 360 $
Level 2 -- Attendance: 5000 (100,00%) -- Ticket Income 260 000 $
Level 3 -- Attendance: 1657 (82,85%) -- Ticket Income 54 681 $
Level 4 -- Attendance: 4000 (100,00%) -- Ticket Income 76 000 $
Luxury Box -- Attendance: 922 (92,20%) -- Ticket Income 144 754 $
Game was played at the Place Banque Scotia.
Total Attendance: 17071 (94,84%)
Total Ticket Income: 974 795 $
Other Income: 146 219 $
Total Income: 1 121 014 $

Bruins

5 vs 5 Forward 
   Center                   Left Wing                Right Wing               Time % Phy DF OF 
 1 Henrik Sedin             Wojtek Wolski            Jarome Iginla            40     1   2  2  
 2 Eric Lindros             Viktor Stalberg          Victor Oreskovich        30     1   2  2  
 3 Dave Bolland             Matt Cooke               Dainius Zubrus           20     1   2  2  
 4 Matt Hendricks           Curtis Glencross         David Moss               10     1   2  2  

5 vs 5 Defense 
   Defense                  Defense                                           Time % Phy DF OF 
 1 Andrew Alberts           Jason Demers                                      40     1   2  2  
 2 Ryan O'Byrne             Mark Stuart                                       30     1   2  2  
 3 Nate Prosser             Zdeno Chara                                       20     1   2  2  
 4 Andrew Alberts           Jason Demers                                      10     1   2  2  

PowerPlay Forward 
   Center                   Left Wing                Right Wing               Time % Phy DF OF 
 1 Henrik Sedin             Wojtek Wolski            Jarome Iginla            60     1   2  2  
 2 Eric Lindros             Matt Cooke               Victor Oreskovich        40     1   2  2  

PowerPlay Defense
   Defense                  Defense                                           Time % Phy DF OF 
 1 Andrew Alberts           Jason Demers                                      60     1   2  2  
 2 Ryan O'Byrne             Mark Stuart                                       40     1   2  2  

Penalty Kill 4 Players Forward 
   Center                   Wing                     Time % Phy DF OF 
 1 Henrik Sedin             Wojtek Wolski            60     1   2  2  
 2 Eric Lindros             Jarome Iginla            40     1   2  2  

Penalty Kill 4 Players Defense
   Defense                  Defense                  Time % Phy DF OF 
 1 Andrew Alberts           Jason Demers             60     1   2  2  
 2 Ryan O'Byrne             Mark Stuart              40     1   2  2  

Penalty Kill - 3 Players Forward 
   Forward                                           Time % Phy DF OF 
 1 Henrik Sedin                                      60     1   2  2  
 2 Wojtek Wolski                                     40     1   2  2  

Penalty Kill - 3 Players Defense
   Defense                  Defense                  Time % Phy DF OF 
 1 Andrew Alberts           Jason Demers             60     1   2  2  
 2 Ryan O'Byrne             Mark Stuart              40     1   2  2  

4 vs 4 Forward 
   Center                   Wing                     Time % Phy DF OF 
 1 Henrik Sedin             Wojtek Wolski            60     1   2  2  
 2 Eric Lindros             Jarome Iginla            40     1   2  2  

4 vs 4 Defense
   Defense                  Defense                  Time % Phy DF OF 
 1 Andrew Alberts           Jason Demers             60     1   2  2  
 2 Ryan O'Byrne             Mark Stuart              40     1   2  2  

Last Minutes Offensive
   Center                   Left Wing                Right Wing               Defense                  Defense                  
   Henrik Sedin             Wojtek Wolski            Jarome Iginla            Andrew Alberts           Jason Demers             

Last Minutes Defensive
   Center                   Left Wing                Right Wing               Defense                  Defense                  
   Henrik Sedin             Wojtek Wolski            Jarome Iginla            Andrew Alberts           Jason Demers             

Goaltenders
Starting : Roberto Luongo           
Backup : Karri Ramo               

Extra Forwards
Normal : Matt Cooke, Viktor Stalberg, Dave Bolland - PP : Matt Cooke, Viktor Stalberg - PK : Dave Bolland
Extra Defensemen
Normal : Nate Prosser, Zdeno Chara, Ryan O'Byrne - PP : Nate Prosser - PK : Zdeno Chara, Ryan O'Byrne
Penalty Shots
Henrik Sedin, Wojtek Wolski, Eric Lindros, Jarome Iginla, Viktor Stalberg

Senateurs

5 vs 5 Forward 
   Center                   Left Wing                Right Wing               Time % Phy DF OF 
 1 Daymond Langkow          Sergei Kostitsyn         Jean-Pierre Dumont       40     1   2  2  
 2 Andrew Ebbett            Darcy Hordichuk          Todd Bertuzzi            30     1   2  2  
 3 Brandon Dubinsky         Andy McDonald            B.J. Crombeen            20     1   2  2  
 4 Vernon Fiddler           Andy Hilbert             Ales Kotalik             10     1   2  2  

5 vs 5 Defense 
   Defense                  Defense                                           Time % Phy DF OF 
 1 Vitaly Vishnevsky        Kurtis Foster                                     40     1   2  2  
 2 Dan Hamhuis              Carlo Colaiacovo                                  30     1   2  2  
 3 Vladimir Mihalik         Dan Girardi                                       20     1   2  2  
 4 Vitaly Vishnevsky        Kurtis Foster                                     10     1   2  2  

PowerPlay Forward 
   Center                   Left Wing                Right Wing               Time % Phy DF OF 
 1 Daymond Langkow          Andy McDonald            Jean-Pierre Dumont       60     0   2  3  
 2 Andrew Ebbett            Darcy Hordichuk          Todd Bertuzzi            40     0   2  3  

PowerPlay Defense
   Defense                  Defense                                           Time % Phy DF OF 
 1 Dan Hamhuis              Kurtis Foster                                     60     0   2  3  
 2 Vitaly Vishnevsky        Carlo Colaiacovo                                  40     0   2  0  

Penalty Kill 4 Players Forward 
   Center                   Wing                     Time % Phy DF OF 
 1 Daymond Langkow          Andy McDonald            60     0   3  2  
 2 Darcy Hordichuk          Jean-Pierre Dumont       40     0   1  2  

Penalty Kill 4 Players Defense
   Defense                  Defense                  Time % Phy DF OF 
 1 Dan Hamhuis              Kurtis Foster            60     0   3  2  
 2 Vitaly Vishnevsky        Carlo Colaiacovo         40     0   3  2  

Penalty Kill - 3 Players Forward 
   Forward                                           Time % Phy DF OF 
 1 Jean-Pierre Dumont                                60     0   3  2  
 2 Daymond Langkow                                   40     0   3  2  

Penalty Kill - 3 Players Defense
   Defense                  Defense                  Time % Phy DF OF 
 1 Dan Hamhuis              Kurtis Foster            60     0   0  2  
 2 Vitaly Vishnevsky        Carlo Colaiacovo         40     0   3  2  

4 vs 4 Forward 
   Center                   Wing                     Time % Phy DF OF 
 1 Daymond Langkow          Andy McDonald            60     1   2  2  
 2 Darcy Hordichuk          Jean-Pierre Dumont       40     1   2  2  

4 vs 4 Defense
   Defense                  Defense                  Time % Phy DF OF 
 1 Dan Hamhuis              Kurtis Foster            60     1   2  2  
 2 Vitaly Vishnevsky        Carlo Colaiacovo         40     1   2  2  

Last Minutes Offensive
   Center                   Left Wing                Right Wing               Defense                  Defense                  
   Daymond Langkow          Andy McDonald            Jean-Pierre Dumont       Vitaly Vishnevsky        Kurtis Foster            

Last Minutes Defensive
   Center                   Left Wing                Right Wing               Defense                  Defense                  
   Daymond Langkow          Andy McDonald            Jean-Pierre Dumont       Vitaly Vishnevsky        Kurtis Foster            

Goaltenders
Starting : Ondrej Pavelec           
Backup : Marty Turco              

Extra Forwards
Normal : Andy McDonald, B.J. Crombeen, Andy Hilbert - PP : Andy McDonald, B.J. Crombeen - PK : Andy Hilbert
Extra Defensemen
Normal : Vladimir Mihalik, Dan Girardi, Dan Hamhuis - PP : Vladimir Mihalik - PK : Dan Girardi, Dan Hamhuis
Penalty Shots
Sergei Kostitsyn, Daymond Langkow, Darcy Hordichuk, Jean-Pierre Dumont, Andy McDonald

% Time on Ice - Bruins

Lines # - Real PCT - Wanted PCT - Time Play
Normal Forward
1 - 33% - 40% - 15:01
2 - 28% - 30% - 12:39
3 - 23% - 20% - 10:19
4 - 17% - 10% - 7:46
Normal Defense
1 - 43% - 40% - 19:53
2 - 32% - 30% - 14:42
3 - 19% - 20% - 8:28
4 - 6% - 10% - 2:42
PP Forward
1 - 59% - 60% - 3:44
2 - 41% - 40% - 2:37
PP Defense
1 - 73% - 60% - 4:39
2 - 27% - 40% - 1:42
PK Forward
1 - 69% - 60% - 5:26
2 - 31% - 40% - 2:28
PK Defense
1 - 67% - 60% - 5:18
2 - 33% - 40% - 2:36
PK3 Forward
1 - 0% - 60%
2 - 0% - 40%
PK3 Defense
1 - 0% - 60%
2 - 0% - 40%
44 Forward
1 - 0% - 60%
2 - 0% - 40%
44 Defense
1 - 0% - 60%
2 - 0% - 40%
Last Minute Offensive  - 0:00
Last Minute Defensive  - 0:00
Total
Forward - 60:00
Defense - 60:00

% Time on Ice - Senateurs

Lines # - Real PCT - Wanted PCT - Time Play
Normal Forward
1 - 34% - 40% - 15:39
2 - 28% - 30% - 12:48
3 - 22% - 20% - 10:13
4 - 15% - 10% - 7:05
Normal Defense
1 - 40% - 40% - 18:17
2 - 29% - 30% - 13:18
3 - 23% - 20% - 10:28
4 - 8% - 10% - 3:42
PP Forward
1 - 56% - 60% - 4:25
2 - 44% - 40% - 3:29
PP Defense
1 - 58% - 60% - 4:35
2 - 42% - 40% - 3:19
PK Forward
1 - 78% - 60% - 4:59
2 - 22% - 40% - 1:22
PK Defense
1 - 59% - 60% - 3:45
2 - 41% - 40% - 2:36
PK3 Forward
1 - 0% - 60%
2 - 0% - 40%
PK3 Defense
1 - 0% - 60%
2 - 0% - 40%
44 Forward
1 - 0% - 60%
2 - 0% - 40%
44 Defense
1 - 0% - 60%
2 - 0% - 40%
Last Minute Offensive  - 0:00
Last Minute Defensive  - 0:00
Total
Forward - 60:00
Defense - 60:00

Play by Play

1st period


0:01 of 1st period - Henrik Sedin wins face-off versus Daymond Langkow in neutral zone.
1:13 of 1st period - Wrist shot by Andy Hilbert.
1:13 of 1st period - Shot Misses the Net.
1:15 of 1st period - Snap shot by Vernon Fiddler.
1:15 of 1st period - Shot Misses the Net.
1:52 of 1st period - Minor Penalty to Darcy Hordichuk for Hooking.
1:53 of 1st period - Henrik Sedin wins face-off versus Daymond Langkow in Senateurs zone.
3:52 of 1st period - Penalty to Darcy Hordichuk is over, Darcy Hordichuk is back on ice.
4:06 of 1st period - Slapshot by Curtis Glencross.
4:06 of 1st period - Stopped by Ondrej Pavelec without a rebound.
4:07 of 1st period - Matt Hendricks wins face-off versus Todd Bertuzzi in Senateurs zone.
4:14 of 1st period - Snap shot by Matt Hendricks.
4:14 of 1st period - Shot Blocked by Vladimir Mihalik.
4:16 of 1st period - Snap shot by Zdeno Chara.
4:16 of 1st period - Stopped by Ondrej Pavelec without a rebound.
4:17 of 1st period - Andrew Ebbett wins face-off versus Matt Hendricks in Senateurs zone.
4:17 of 1st period - Andrew Ebbett is hit by Nate Prosser.
4:23 of 1st period - Snap shot by Andrew Ebbett.
4:23 of 1st period - Shot Blocked by Curtis Glencross.
4:42 of 1st period - Minor Penalty to Curtis Glencross for High sticking.
4:43 of 1st period - Henrik Sedin wins face-off versus Daymond Langkow in Bruins zone.
4:51 of 1st period - Wrist shot by Andy McDonald.
4:51 of 1st period - Shot Blocked by Henrik Sedin.
4:53 of 1st period - Slapshot by Dan Hamhuis.
4:53 of 1st period - Shot Blocked by Jason Demers.
4:55 of 1st period - Wrist shot by Dan Hamhuis.
4:55 of 1st period - Stopped by Roberto Luongo with a rebound.
5:51 of 1st period - Jarome Iginla is hit by Todd Bertuzzi and loses puck.
6:22 of 1st period - Backhand shot by Matt Cooke.
6:22 of 1st period - Shot Blocked by Kurtis Foster.
6:42 of 1st period - Penalty to Curtis Glencross is over, Curtis Glencross is back on ice.
7:07 of 1st period - Curtis Glencross is hit by Kurtis Foster and loses puck.
7:39 of 1st period - Wrist shot by Matt Cooke.
7:39 of 1st period - Stopped by Ondrej Pavelec without a rebound.
7:40 of 1st period - Vernon Fiddler wins face-off versus Dainius Zubrus in Senateurs zone.
7:42 of 1st period - Minor Penalty to Andy Hilbert for Interference.
7:43 of 1st period - Henrik Sedin wins face-off versus Daymond Langkow in Senateurs zone.
7:47 of 1st period - Snap shot by Henrik Sedin.
7:47 of 1st period - Shot Misses the Net.
7:49 of 1st period - Wrist shot by Wojtek Wolski.
7:49 of 1st period - Goal by Wojtek Wolski - Bruins : 1 - Senateurs : 0.
7:50 of 1st period - Henrik Sedin wins face-off versus Daymond Langkow in neutral zone.
8:06 of 1st period - Icing by Andrew Alberts.
8:07 of 1st period - Andrew Ebbett wins face-off versus Jarome Iginla in Bruins zone.
8:20 of 1st period - Snap shot by Wojtek Wolski.
8:20 of 1st period - Shot Blocked by Darcy Hordichuk.
8:33 of 1st period - Snap shot by Wojtek Wolski.
8:33 of 1st period - Shot Blocked by Jean-Pierre Dumont.
8:35 of 1st period - Snap shot by Henrik Sedin.
8:35 of 1st period - Deflect By Wojtek Wolski.
8:35 of 1st period - Goal by Wojtek Wolski - Bruins : 2 - Senateurs : 0.
8:36 of 1st period - Eric Lindros wins face-off versus Daymond Langkow in neutral zone.
8:52 of 1st period - Slapshot by Victor Oreskovich.
8:52 of 1st period - Shot Misses the Net.
9:27 of 1st period - Snap shot by Todd Bertuzzi.
9:27 of 1st period - Shot Misses the Net.
9:29 of 1st period - Slapshot by Todd Bertuzzi.
9:29 of 1st period - Shot Misses the Net.
9:31 of 1st period - Slapshot by Dan Girardi.
9:31 of 1st period - Stopped by Roberto Luongo with a rebound.
9:33 of 1st period - Slapshot by Vladimir Mihalik.
9:33 of 1st period - Shot Blocked by Dave Bolland.
10:05 of 1st period - Backhand shot by Henrik Sedin.
10:05 of 1st period - Shot Misses the Net.
10:11 of 1st period - Henrik Sedin is hit by Sergei Kostitsyn and loses puck.
11:02 of 1st period - Snap shot by Jean-Pierre Dumont.
11:02 of 1st period - Stopped by Roberto Luongo without a rebound.
11:03 of 1st period - Daymond Langkow wins face-off versus Eric Lindros in Bruins zone.
11:14 of 1st period - Wrist shot by Jean-Pierre Dumont.
11:14 of 1st period - Shot Blocked by Viktor Stalberg.
11:28 of 1st period - B.J. Crombeen is hit by Matt Cooke and loses puck.
11:39 of 1st period - Snap shot by Matt Cooke.
11:39 of 1st period - Stopped by Ondrej Pavelec with a rebound.
11:41 of 1st period - Wrist shot by Dainius Zubrus.
11:41 of 1st period - Shot Blocked by Vladimir Mihalik.
12:23 of 1st period - Snap shot by Henrik Sedin.
12:23 of 1st period - Shot Misses the Net.
12:25 of 1st period - Slapshot by Jarome Iginla.
12:25 of 1st period - Shot Blocked by Jean-Pierre Dumont.
13:12 of 1st period - Minor Penalty to Dainius Zubrus for Tripping.
13:13 of 1st period - Daymond Langkow wins face-off versus Henrik Sedin in Bruins zone.
13:14 of 1st period - Snap shot by Andy McDonald.
13:14 of 1st period - Shot Misses the Net.
13:16 of 1st period - Slapshot by Kurtis Foster.
13:16 of 1st period - Shot Hit the Post.
13:18 of 1st period - Wrist shot by Andy McDonald.
13:18 of 1st period - Shot Blocked by Mark Stuart.
13:20 of 1st period - Wrist shot by Daymond Langkow.
13:20 of 1st period - Shot Blocked by Wojtek Wolski.
13:38 of 1st period - Wojtek Wolski is hit by Andrew Ebbett and loses puck.
13:43 of 1st period - Snap shot by Andrew Ebbett.
13:43 of 1st period - Stopped by Roberto Luongo with a rebound.
13:45 of 1st period - Snap shot by Kurtis Foster.
13:45 of 1st period - Shot Blocked by Mark Stuart.
13:47 of 1st period - Backhand shot by Dan Hamhuis.
13:47 of 1st period - Deflect By Andrew Ebbett.
13:47 of 1st period - Goal by Andrew Ebbett - Bruins : 2 - Senateurs : 1.
13:48 of 1st period - Daymond Langkow wins face-off versus Eric Lindros in neutral zone.
13:51 of 1st period - Slapshot by Daymond Langkow.
13:51 of 1st period - Stopped by Roberto Luongo without a rebound.
13:52 of 1st period - Daymond Langkow wins face-off versus Eric Lindros in Bruins zone.
13:55 of 1st period - Slapshot by Daymond Langkow.
13:55 of 1st period - Shot Misses the Net.
13:57 of 1st period - Snap shot by Sergei Kostitsyn.
13:57 of 1st period - Stopped by Roberto Luongo with a rebound.
13:59 of 1st period - Slapshot by Vitaly Vishnevsky.
13:59 of 1st period - Stopped by Roberto Luongo with a rebound.
14:01 of 1st period - Slapshot by Vitaly Vishnevsky.
14:01 of 1st period - Shot Misses the Net.
14:03 of 1st period - Slapshot by Vitaly Vishnevsky.
14:03 of 1st period - Stopped by Roberto Luongo without a rebound.
14:04 of 1st period - Daymond Langkow wins face-off versus Henrik Sedin in Bruins zone.
14:15 of 1st period - Kurtis Foster is hit by Jason Demers and loses puck.
14:36 of 1st period - Snap shot by Andrew Ebbett.
14:36 of 1st period - Deflect By Darcy Hordichuk.
14:36 of 1st period - Shot Misses the Net.
14:36 of 1st period - Puck is out of play.
14:37 of 1st period - Eric Lindros wins face-off versus Andrew Ebbett in Bruins zone.
15:04 of 1st period - Jarome Iginla is hit by Sergei Kostitsyn and loses puck.
15:42 of 1st period - Jason Demers is hit by Ales Kotalik and loses puck.
15:55 of 1st period - Kurtis Foster is hit by Curtis Glencross.
15:59 of 1st period - David Moss is hit by Vernon Fiddler and loses puck.
16:22 of 1st period - Snap shot by Matt Hendricks.
16:22 of 1st period - Stopped by Ondrej Pavelec with a rebound.
16:24 of 1st period - Snap shot by Jason Demers.
16:24 of 1st period - Stopped by Ondrej Pavelec with a rebound.
16:30 of 1st period - Slapshot by Matt Hendricks.
16:30 of 1st period - Deflect By David Moss.
16:30 of 1st period - Deflect By Jean-Pierre Dumont.
16:30 of 1st period - Shot Blocked by Vitaly Vishnevsky.
16:30 of 1st period - Puck is out of play.
16:31 of 1st period - Andrew Ebbett wins face-off versus Henrik Sedin in Senateurs zone.
17:23 of 1st period - Slapshot by Vernon Fiddler.
17:23 of 1st period - Shot Blocked by Nate Prosser.
17:25 of 1st period - Slapshot by Vernon Fiddler.
17:25 of 1st period - Stopped by Roberto Luongo with a rebound.
17:27 of 1st period - Snap shot by Ales Kotalik.
17:27 of 1st period - Shot Blocked by Zdeno Chara.
17:42 of 1st period - Wojtek Wolski is hit by Dan Girardi and loses puck.
18:38 of 1st period - Kurtis Foster is hit by Matt Cooke and loses puck.
18:47 of 1st period - Snap shot by Dave Bolland.
18:47 of 1st period - Stopped by Ondrej Pavelec with a rebound.
18:49 of 1st period - Slapshot by Nate Prosser.
18:49 of 1st period - Shot Misses the Net.
18:51 of 1st period - Slapshot by Nate Prosser.
18:51 of 1st period - Stopped by Ondrej Pavelec without a rebound.
18:52 of 1st period - Henrik Sedin wins face-off versus Andrew Ebbett in Senateurs zone.
Goals for this period are 2 for Bruins vs 1 for Senateurs.
Shots for this period are 10 for Bruins vs 10 for Senateurs.

2nd period


0:01 of 2nd period - Jarome Iginla wins face-off versus Jean-Pierre Dumont in neutral zone.
0:10 of 2nd period - Snap shot by Henrik Sedin.
0:10 of 2nd period - Goal by Henrik Sedin - Bruins : 3 - Senateurs : 1.
0:11 of 2nd period - Daymond Langkow wins face-off versus Henrik Sedin in neutral zone.
0:14 of 2nd period - Wojtek Wolski is hit by Jean-Pierre Dumont and loses puck.
0:47 of 2nd period - Snap shot by Viktor Stalberg.
0:47 of 2nd period - Shot Misses the Net.
1:00 of 2nd period - Icing by Vitaly Vishnevsky.
1:01 of 2nd period - Andrew Ebbett wins face-off versus Curtis Glencross in Senateurs zone.
1:06 of 2nd period - Slapshot by Vitaly Vishnevsky.
1:06 of 2nd period - Stopped by Roberto Luongo without a rebound.
1:07 of 2nd period - Henrik Sedin wins face-off versus Daymond Langkow in Bruins zone.
1:32 of 2nd period - Darcy Hordichuk is hit by Victor Oreskovich and loses puck.
1:37 of 2nd period - Snap shot by Viktor Stalberg.
1:37 of 2nd period - Stopped by Ondrej Pavelec with a rebound.
1:55 of 2nd period - Wrist shot by B.J. Crombeen.
1:55 of 2nd period - Goal by B.J. Crombeen - Bruins : 3 - Senateurs : 2.
1:56 of 2nd period - Henrik Sedin wins face-off versus Daymond Langkow in neutral zone.
2:09 of 2nd period - Wrist shot by Jean-Pierre Dumont.
2:09 of 2nd period - Stopped by Roberto Luongo with a rebound.
2:11 of 2nd period - Slapshot by Vitaly Vishnevsky.
2:11 of 2nd period - Deflect By Daymond Langkow.
2:11 of 2nd period - Goal by Daymond Langkow - Bruins : 3 - Senateurs : 3.
2:12 of 2nd period - Henrik Sedin wins face-off versus Daymond Langkow in neutral zone.
2:45 of 2nd period - Slapshot by Kurtis Foster.
2:45 of 2nd period - Deflect By Viktor Stalberg.
2:45 of 2nd period - Stopped by Roberto Luongo without a rebound.
2:46 of 2nd period - Henrik Sedin wins face-off versus Andrew Ebbett in Bruins zone.
3:31 of 2nd period - Wrist shot by Dave Bolland.
3:31 of 2nd period - Stopped by Ondrej Pavelec without a rebound.
3:32 of 2nd period - Dave Bolland wins face-off versus Brandon Dubinsky in Senateurs zone.
3:57 of 2nd period - Wojtek Wolski is hit by Sergei Kostitsyn and loses puck.
4:02 of 2nd period - Slapshot by Jean-Pierre Dumont.
4:02 of 2nd period - Shot Blocked by Jarome Iginla.
4:06 of 2nd period - Wrist shot by Daymond Langkow.
4:06 of 2nd period - Shot Blocked by Henrik Sedin.
4:34 of 2nd period - Andrew Alberts is hit by Todd Bertuzzi and loses puck.
6:14 of 2nd period - Snap shot by Andy Hilbert.
6:14 of 2nd period - Stopped by Roberto Luongo without a rebound.
6:15 of 2nd period - Henrik Sedin wins face-off versus Daymond Langkow in Bruins zone.
6:26 of 2nd period - Backhand shot by Henrik Sedin.
6:26 of 2nd period - Shot Blocked by Vitaly Vishnevsky.
6:28 of 2nd period - Slapshot by Zdeno Chara.
6:28 of 2nd period - Deflect By Jarome Iginla.
6:28 of 2nd period - Stopped by Ondrej Pavelec with a rebound.
6:30 of 2nd period - Slapshot by Zdeno Chara.
6:30 of 2nd period - Stopped by Ondrej Pavelec without a rebound.
6:31 of 2nd period - Eric Lindros wins face-off versus Andrew Ebbett in Senateurs zone.
6:44 of 2nd period - Wrist shot by Darcy Hordichuk.
6:44 of 2nd period - Shot Blocked by Nate Prosser.
7:30 of 2nd period - Snap shot by Dave Bolland.
7:30 of 2nd period - Stopped by Ondrej Pavelec without a rebound.
7:31 of 2nd period - Eric Lindros wins face-off versus Andrew Ebbett in Senateurs zone.
7:36 of 2nd period - Snap shot by Viktor Stalberg.
7:36 of 2nd period - Shot Misses the Net.
7:44 of 2nd period - Wrist shot by Darcy Hordichuk.
7:44 of 2nd period - Goal by Darcy Hordichuk - Bruins : 3 - Senateurs : 4.
7:45 of 2nd period - Henrik Sedin wins face-off versus Daymond Langkow in neutral zone.
7:50 of 2nd period - Snap shot by Jason Demers.
7:50 of 2nd period - Shot Blocked by Kurtis Foster.
7:52 of 2nd period - Slapshot by Jason Demers.
7:52 of 2nd period - Deflect By Wojtek Wolski.
7:52 of 2nd period - Stopped by Ondrej Pavelec without a rebound.
7:53 of 2nd period - Daymond Langkow wins face-off versus Henrik Sedin in Senateurs zone.
7:53 of 2nd period - Daymond Langkow is hit by Henrik Sedin.
7:59 of 2nd period - Jason Demers is hit by Sergei Kostitsyn and loses puck.
8:10 of 2nd period - Vitaly Vishnevsky is hit by Wojtek Wolski.
8:14 of 2nd period - Jason Demers is hit by Sergei Kostitsyn and loses puck.
8:15 of 2nd period - Jason Demers from Bruins is injured at 8:15 of 2nd period (Sore Right Knee).
8:16 of 2nd period - Henrik Sedin wins face-off versus Daymond Langkow in Bruins zone.
9:01 of 2nd period - Dainius Zubrus is hit by Andy McDonald and loses puck.
10:12 of 2nd period - Andy McDonald is hit by Dave Bolland and loses puck.
10:27 of 2nd period - Snap shot by Viktor Stalberg.
10:27 of 2nd period - Shot Blocked by Kurtis Foster.
10:29 of 2nd period - Slapshot by Ryan O'Byrne.
10:29 of 2nd period - Stopped by Ondrej Pavelec without a rebound.
10:30 of 2nd period - Eric Lindros wins face-off versus Vernon Fiddler in Senateurs zone.
10:31 of 2nd period - Wrist shot by Viktor Stalberg.
10:31 of 2nd period - Shot Blocked by Dan Girardi.
10:33 of 2nd period - Slapshot by Nate Prosser.
10:33 of 2nd period - Shot Blocked by Dan Girardi.
10:45 of 2nd period - Wrist shot by Viktor Stalberg.
10:45 of 2nd period - Stopped by Ondrej Pavelec with a rebound.
11:21 of 2nd period - Dan Girardi is hit by Andrew Alberts and loses puck.
11:35 of 2nd period - Ryan O'Byrne is hit by Vitaly Vishnevsky and loses puck.
11:40 of 2nd period - Slapshot by Matt Hendricks.
11:40 of 2nd period - Shot Misses the Net.
11:52 of 2nd period - Minor Penalty to Andy McDonald for Roughing.
11:53 of 2nd period - Daymond Langkow wins face-off versus Henrik Sedin in Senateurs zone.
12:20 of 2nd period - Kurtis Foster is hit by Matt Cooke and loses puck.
13:33 of 2nd period - Dan Hamhuis is hit by Henrik Sedin and loses puck.
13:52 of 2nd period - Penalty to Andy McDonald is over, Andy McDonald is back on ice.
14:02 of 2nd period - Off-side.
14:03 of 2nd period - Matt Hendricks wins face-off versus Brandon Dubinsky in neutral zone.
14:20 of 2nd period - Andy McDonald is hit by Nate Prosser and loses puck.
14:38 of 2nd period - Jean-Pierre Dumont is hit by Matt Cooke and loses puck.
15:21 of 2nd period - Dan Girardi is hit by Henrik Sedin and loses puck.
15:32 of 2nd period - Ryan O'Byrne is hit by Andy Hilbert and loses puck.
16:33 of 2nd period - Kurtis Foster is hit by Victor Oreskovich and loses puck.
16:50 of 2nd period - Curtis Glencross is hit by Todd Bertuzzi and loses puck.
17:19 of 2nd period - Dainius Zubrus is hit by Vitaly Vishnevsky and loses puck.
17:53 of 2nd period - Wojtek Wolski is hit by Todd Bertuzzi.
18:01 of 2nd period - Slapshot by Wojtek Wolski.
18:01 of 2nd period - Deflect By Todd Bertuzzi.
18:01 of 2nd period - Shot Blocked by Vitaly Vishnevsky.
18:01 of 2nd period - Puck is out of play.
18:02 of 2nd period - Brandon Dubinsky wins face-off versus Eric Lindros in Senateurs zone.
18:09 of 2nd period - Mark Stuart is hit by Vitaly Vishnevsky and loses puck.
18:16 of 2nd period - B.J. Crombeen is hit by Viktor Stalberg and loses puck.
19:16 of 2nd period - Vitaly Vishnevsky is hit by Matt Hendricks and loses puck.
19:27 of 2nd period - Ales Kotalik is hit by Viktor Stalberg.
Goals for this period are 1 for Bruins vs 3 for Senateurs.
Shots for this period are 9 for Bruins vs 7 for Senateurs.

3rd period


0:01 of 3rd period - Henrik Sedin wins face-off versus Daymond Langkow in neutral zone.
0:10 of 3rd period - Slapshot by Kurtis Foster.
0:10 of 3rd period - Deflect By Henrik Sedin.
0:10 of 3rd period - Stopped by Roberto Luongo with a rebound.
0:12 of 3rd period - Slapshot by Sergei Kostitsyn.
0:12 of 3rd period - Deflect By Henrik Sedin.
0:12 of 3rd period - Shot Misses the Net.
0:12 of 3rd period - Puck is out of play.
0:13 of 3rd period - Daymond Langkow wins face-off versus Henrik Sedin in Bruins zone.
0:14 of 3rd period - Slapshot by Jean-Pierre Dumont.
0:14 of 3rd period - Deflect By Daymond Langkow.
0:14 of 3rd period - Stopped by Roberto Luongo without a rebound.
0:15 of 3rd period - Henrik Sedin wins face-off versus Daymond Langkow in Bruins zone.
0:23 of 3rd period - Off-side.
0:24 of 3rd period - Daymond Langkow wins face-off versus Henrik Sedin in neutral zone.
0:45 of 3rd period - Minor Penalty to Vitaly Vishnevsky for Tripping.
0:46 of 3rd period - Henrik Sedin wins face-off versus Daymond Langkow in Senateurs zone.
0:49 of 3rd period - Snap shot by Henrik Sedin.
0:49 of 3rd period - Stopped by Ondrej Pavelec without a rebound.
0:50 of 3rd period - Daymond Langkow wins face-off versus Henrik Sedin in Senateurs zone.
1:38 of 3rd period - Snap shot by Jarome Iginla.
1:38 of 3rd period - Stopped by Ondrej Pavelec with a rebound.
2:09 of 3rd period - Victor Oreskovich is hit by Darcy Hordichuk and loses puck.
2:45 of 3rd period - Penalty to Vitaly Vishnevsky is over, Vitaly Vishnevsky is back on ice.
2:51 of 3rd period - Curtis Glencross is hit by Andy Hilbert and loses puck.
3:06 of 3rd period - Matt Cooke is hit by Darcy Hordichuk.
4:08 of 3rd period - Dan Hamhuis is hit by Ryan O'Byrne and loses puck.
4:45 of 3rd period - Matt Cooke is hit by B.J. Crombeen and loses puck.
5:04 of 3rd period - Slapshot by Wojtek Wolski.
5:04 of 3rd period - Shot Blocked by Jean-Pierre Dumont.
5:06 of 3rd period - Slapshot by Henrik Sedin.
5:06 of 3rd period - Deflect By Jean-Pierre Dumont.
5:06 of 3rd period - Stopped by Ondrej Pavelec with a rebound.
5:08 of 3rd period - Slapshot by Nate Prosser.
5:08 of 3rd period - Deflect By Dan Girardi.
5:08 of 3rd period - Stopped by Ondrej Pavelec without a rebound.
5:09 of 3rd period - Henrik Sedin wins face-off versus Andrew Ebbett in Senateurs zone.
5:36 of 3rd period - Icing by Victor Oreskovich.
5:37 of 3rd period - Brandon Dubinsky wins face-off versus Eric Lindros in Bruins zone.
5:44 of 3rd period - Wrist shot by Brandon Dubinsky.
5:44 of 3rd period - Shot Blocked by Mark Stuart.
5:46 of 3rd period - Snap shot by Brandon Dubinsky.
5:46 of 3rd period - Shot Misses the Net.
5:48 of 3rd period - Slapshot by Dan Girardi.
5:48 of 3rd period - Shot Blocked by Mark Stuart.
5:55 of 3rd period - Minor Penalty to Eric Lindros for Hooking.
5:56 of 3rd period - Daymond Langkow wins face-off versus Henrik Sedin in Bruins zone.
6:34 of 3rd period - Wrist shot by Darcy Hordichuk.
6:34 of 3rd period - Shot Misses the Net.
6:36 of 3rd period - Wrist shot by Andrew Ebbett.
6:36 of 3rd period - Shot Hit the Post.
6:38 of 3rd period - Snap shot by Andrew Ebbett.
6:38 of 3rd period - Deflect By Todd Bertuzzi.
6:38 of 3rd period - Stopped by Roberto Luongo without a rebound.
6:39 of 3rd period - Andrew Ebbett wins face-off versus Dave Bolland in Bruins zone.
7:55 of 3rd period - Penalty to Eric Lindros is over, Eric Lindros is back on ice.
8:25 of 3rd period - Icing by Zdeno Chara.
8:26 of 3rd period - Brandon Dubinsky wins face-off versus Matt Hendricks in Bruins zone.
8:27 of 3rd period - Snap shot by B.J. Crombeen.
8:27 of 3rd period - Shot Misses the Net.
8:31 of 3rd period - Slapshot by Andy McDonald.
8:31 of 3rd period - Stopped by Roberto Luongo without a rebound.
8:32 of 3rd period - Henrik Sedin wins face-off versus Sergei Kostitsyn in Bruins zone.
8:45 of 3rd period - Wrist shot by Daymond Langkow.
8:45 of 3rd period - Shot Misses the Net.
9:38 of 3rd period - Minor Penalty to Dan Hamhuis for High sticking.
9:39 of 3rd period - Daymond Langkow wins face-off versus Henrik Sedin in Senateurs zone.
9:51 of 3rd period - Snap shot by Henrik Sedin.
9:51 of 3rd period - Shot Misses the Net.
9:53 of 3rd period - Slapshot by Andrew Alberts.
9:53 of 3rd period - Shot Blocked by Andy McDonald.
9:55 of 3rd period - Snap shot by Wojtek Wolski.
9:55 of 3rd period - Goal by Wojtek Wolski - Bruins : 4 - Senateurs : 4.
9:56 of 3rd period - Henrik Sedin wins face-off versus Daymond Langkow in neutral zone.
11:16 of 3rd period - Slapshot by Andy McDonald.
11:16 of 3rd period - Shot Misses the Net.
11:18 of 3rd period - Snap shot by B.J. Crombeen.
11:18 of 3rd period - Deflect By Andy McDonald.
11:18 of 3rd period - Goal by Andy McDonald - Bruins : 4 - Senateurs : 5.
11:19 of 3rd period - Henrik Sedin wins face-off versus Daymond Langkow in neutral zone.
11:49 of 3rd period - Backhand shot by Mark Stuart.
11:49 of 3rd period - Shot Blocked by Andrew Ebbett.
11:51 of 3rd period - Wrist shot by Victor Oreskovich.
11:51 of 3rd period - Stopped by Ondrej Pavelec without a rebound.
11:52 of 3rd period - Andrew Ebbett wins face-off versus Victor Oreskovich in Senateurs zone.
11:58 of 3rd period - Minor Penalty to Eric Lindros for Hooking.
11:59 of 3rd period - Daymond Langkow wins face-off versus Henrik Sedin in Bruins zone.
12:46 of 3rd period - Wojtek Wolski is hit by Carlo Colaiacovo and loses puck.
13:00 of 3rd period - Icing by Andy McDonald.
13:01 of 3rd period - Dave Bolland wins face-off versus Daymond Langkow in Senateurs zone.
13:37 of 3rd period - Wrist shot by Andy McDonald.
13:37 of 3rd period - Stopped by Roberto Luongo without a rebound.
13:38 of 3rd period - Henrik Sedin wins face-off versus Andrew Ebbett in Bruins zone.
13:49 of 3rd period - Slapshot by Vitaly Vishnevsky.
13:49 of 3rd period - Stopped by Roberto Luongo without a rebound.
13:50 of 3rd period - Henrik Sedin wins face-off versus Andrew Ebbett in Bruins zone.
13:58 of 3rd period - Penalty to Eric Lindros is over, Eric Lindros is back on ice.
14:07 of 3rd period - Wrist shot by Wojtek Wolski.
14:07 of 3rd period - Stopped by Ondrej Pavelec without a rebound.
14:08 of 3rd period - Daymond Langkow wins face-off versus Eric Lindros in Senateurs zone.
14:40 of 3rd period - Slapshot by Henrik Sedin.
14:40 of 3rd period - Stopped by Ondrej Pavelec with a rebound.
14:42 of 3rd period - Slapshot by Ryan O'Byrne.
14:42 of 3rd period - Stopped by Ondrej Pavelec without a rebound.
14:43 of 3rd period - Henrik Sedin wins face-off versus Andrew Ebbett in Senateurs zone.
14:46 of 3rd period - Slapshot by Jarome Iginla.
14:46 of 3rd period - Stopped by Ondrej Pavelec without a rebound.
14:47 of 3rd period - Henrik Sedin wins face-off versus Andrew Ebbett in Senateurs zone.
15:12 of 3rd period - Off-side.
15:13 of 3rd period - Dave Bolland wins face-off versus Brandon Dubinsky in neutral zone.
15:18 of 3rd period - B.J. Crombeen is hit by Matt Cooke and loses puck.
15:25 of 3rd period - Slapshot by Vitaly Vishnevsky.
15:25 of 3rd period - Stopped by Roberto Luongo without a rebound.
15:26 of 3rd period - Dave Bolland wins face-off versus Brandon Dubinsky in Bruins zone.
15:26 of 3rd period - Dave Bolland is hit by Brandon Dubinsky.
15:42 of 3rd period - Wrist shot by Dave Bolland.
15:42 of 3rd period - Goal by Dave Bolland - Bruins : 5 - Senateurs : 5.
15:43 of 3rd period - Matt Cooke wins face-off versus Brandon Dubinsky in neutral zone.
15:48 of 3rd period - Snap shot by Matt Cooke.
15:48 of 3rd period - Shot Misses the Net.
15:58 of 3rd period - Slapshot by Matt Cooke.
15:58 of 3rd period - Goal by Matt Cooke - Bruins : 6 - Senateurs : 5.
15:59 of 3rd period - Dave Bolland wins face-off versus Brandon Dubinsky in neutral zone.
16:03 of 3rd period - Off-side.
16:04 of 3rd period - Brandon Dubinsky wins face-off versus Dave Bolland in neutral zone.
17:02 of 3rd period - Snap shot by Jarome Iginla.
17:02 of 3rd period - Stopped by Ondrej Pavelec with a rebound.
17:04 of 3rd period - Wrist shot by Nate Prosser.
17:04 of 3rd period - Shot Misses the Net.
17:06 of 3rd period - Snap shot by Jarome Iginla.
17:06 of 3rd period - Shot Misses the Net.
17:08 of 3rd period - Snap shot by Henrik Sedin.
17:08 of 3rd period - Shot Misses the Net.
17:46 of 3rd period - Snap shot by Vernon Fiddler.
17:46 of 3rd period - Stopped by Roberto Luongo with a rebound.
17:54 of 3rd period - Ales Kotalik is hit by Andrew Alberts and loses puck.
18:32 of 3rd period - Snap shot by Todd Bertuzzi.
18:32 of 3rd period - Stopped by Roberto Luongo with a rebound.
18:34 of 3rd period - Wrist shot by Andrew Ebbett.
18:34 of 3rd period - Stopped by Roberto Luongo without a rebound.
18:35 of 3rd period - Dave Bolland wins face-off versus Brandon Dubinsky in Bruins zone.
18:37 of 3rd period - Minor Penalty to Zdeno Chara for Roughing.
18:38 of 3rd period - Henrik Sedin wins face-off versus Daymond Langkow in Bruins zone.
18:48 of 3rd period - Senateurs, Ondrej Pavelec is pulled from the net.
18:54 of 3rd period - Slapshot by Daymond Langkow.
18:54 of 3rd period - Shot Misses the Net.
Goals for this period are 3 for Bruins vs 1 for Senateurs.
Shots for this period are 13 for Bruins vs 11 for Senateurs.